[Event "*** Titled Tuesday Blitz"]
[Site "Chess.com"]
[Date "2021.04.20"]
[Round "2"]
[White "Azerichess"]
[Black "jannat65"]
[Result "1-0"]
[WhiteElo "2998"]
[BlackElo "2025"]
[TimeControl "180+1"]
[EndTime "10:15:45 PDT"]
[Termination "Azerichess won by resignation"]

1. e4 c6 2. d4 d5 3. e5 Bf5 4. g4 Bg6 5. e6 fxe6 6. h4 Bf7 7. Nf3 Nf6 8. Ne5 Nbd7 9. Nxf7 Kxf7 10. g5 Ne4 11.
Bd3 Kg8 12. Qg4 Nd6 13. Qxe6+ Nf7 14. h5 Nc5 15. dxc5 Qc8 16. Bf5 Qxe6+ 17. Bxe6 g6 18.
hxg6 hxg6 19. Bxf7+ Kg7 20. Rxh8 Kxh8 21. Bxg6 e5 22.
Nc3 Bxc5 23. Bd2 Rf8 24. Nd1 Kg7 25. Bd3 e4 26. Bf1 Kg6 27. b4 Bb6 28. c3 Kh5 29. a4 a6 30. Be3 Bc7 31. b5 Kg4 32. bxc6 bxc6 33. Bxa6 Rh8 34. a5 Ra8 35. Be2+ Kh3 36. a6 Kg2 37. g6 Rh8 38. a7 Rh1+ 39. Kd2 1-0

[Event "*** Titled Tuesday Blitz"]
[Site "Chess.com"]
[Date "2021.04.20"]
[Round "2"]
[White "Loy_Konstantin"]
[Black "canary2016"]
[Result "1-0"]
[WhiteElo "2375"]
[BlackElo "2000"]
[TimeControl "180+1"]
[EndTime "10:15:45 PDT"]
[Termination "Loy_Konstantin won by resignation"]

1. e4 c6 2. d4 d5 3. exd5 cxd5 4.
c4 Nc6 5. Nc3 e6 6. Nf3 Nf6 7.
c5 Be7 8. Bb5 O-O 9. O-O Bd7 10.
Bxc6 Bxc6 11. Bf4 Rc8 12. h3 b6 13. b4 Ba8 14. Re1 a5 15. a3 Ne4 16. Qc2 Bf6 17. Ne5 axb4 18. axb4 bxc5 19. bxc5 Bb7 20. f3 Nxc3 21. Qxc3 Bxe5 22. Bxe5 Ra8 23. c6 Rxa1 24. Rxa1 Qc8 25. c7 f6 26. Bd6 Rf7 27. Ra7 Rd7 28. Rxb7 Rxd6 29. Rb8 Rd8 30. cxd8=Q+ Qxd8 31. Rxd8+ Kf7 32. Qc7+ 1-0

[Event "*** Titled Tuesday Blitz"]
[Site "Chess.com"]
[Date "2021.04.20"]
[Round "2"]
[White "supertfc"]
[Black "Serly25"]
[Result "1-0"]
[WhiteElo "2377"]
[BlackElo "1946"]
[TimeControl "180+1"]
[EndTime "10:15:47 PDT"]
[Termination "supertfc won by resignation"]

1. c4 e5 2. g3 Bc5 3. Bg2 d6 4. Nc3 a6 5. Nf3 Nc6 6. O-O Be6 7. d3 Qd7 8. Nd5 Nge7 9. Ng5 Bg4 10. Rb1 f6 11. Ne4 Ba7 12. b4 h5 13. Nexf6+ gxf6 14.
Nxf6+ Kd8 15. Nxd7 Kxd7 16. b5 Nd4 17. Rb2 h4 18. bxa6 hxg3 19. Qa4+ Nec6 20. axb7 Rhb8 21. bxa8=Q 1-0

[Event "*** Titled Tuesday Blitz"]
[Site "Chess.com"]
[Date "2021.04.20"]
[Round "2"]
[White "Semen_Khanin"]
[Black "PotapovaM"]
[Result "1-0"]
[WhiteElo "2755"]
[BlackElo "2509"]
[TimeControl "180+1"]
[EndTime "10:15:49 PDT"]
[Termination "Semen_Khanin won by resignation"]

1. e4 c5 2. Nf3 d6 3. d4 cxd4 4. Nxd4 Nf6 5. Nc3 a6 6. f3 e5 7. Nb3 Be6 8. Be3 Be7 9. Qd2 O-O 10. O-O-O Nbd7 11. g4 b5 12. g5 b4 13. gxf6 bxc3 14.
Qxc3 Nxf6 15. Na5 Rc8 16. Nc6 Qd7 17. Nxe7+ Qxe7 18. Qa5 Rc6 19. Kb1 Rfc8 20. Rg1 Kh8 21. b3 Qb7 22. Rg2 h6 23. Rgd2 Ne8 24. f4 Bg4 25.
Re1 exf4 26. Bd4 Nc7 27. Bb2 Ne6 28. h3 Bh5 29. Qxh5 Kh7 30. e5 d5 31. Bd3+ g6 32. Qf3 R6c7 33. h4 Kg7 34. h5 g5 35. Qg4 Rh8 36.
Qf5 Kf8 37. Qf6 1-0

[Event "*** Titled Tuesday Blitz"]
[Site "Chess.com"]
[Date "2021.04.20"]
[Round "2"]
[White "frenchpin"]
[Black "halldorgretar"]
[Result "1-0"]
[WhiteElo "2412"]
[BlackElo "2144"]
[TimeControl "180+1"]
[EndTime "10:15:49 PDT"]
[Termination "frenchpin won on time"]

1. e4 e5 2. Nf3 Nc6 3. Bc4 Bc5 4. c3 Nf6 5. d4 exd4 6. cxd4 Bb4+ 7. Bd2 Bxd2+ 8. Nbxd2 d5 9. exd5 Nxd5 10. O-O O-O 11. Ne5 Nxd4 12. Nb3 Nxb3 13. Bxd5 Nxa1 14. Bxf7+ Kh8 15. Qh5 g6 16. Qh6 Bf5 17. Bxg6 Bxg6 18. Nxg6+ Kg8 19. Nxf8 Qxf8 20. Qg5+ Qg7 21. Qd5+ Qf7 22.
Qg5+ Qg7 23. Qd2 Re8 24. Rxa1 Qe5 25. Rd1 c6 26. h3 a5 27. a3 Re7 28. Qd8+ Kg7 29.
Rd7 1-0

[Event "*** Titled Tuesday Blitz"]
[Site "Chess.com"]
[Date "2021.04.20"]
[Round "2"]
[White "VMikhalevski"]
[Black "4empechement"]
[Result "1-0"]
[WhiteElo "2720"]
[BlackElo "2484"]
[TimeControl "180+1"]
[EndTime "10:15:52 PDT"]
[Termination "VMikhalevski won on time"]

1. Nf3 d5 2. g3 Nf6 3. Bg2 g6 4. O-O Bg7 5. b3 Ne4 6. d4 O-O 7. c4 dxc4 8. bxc4 c5 9. Bb2 Nd6 10. Nbd2 cxd4 11. Nxd4 e5 12. N4b3 Nc6 13. c5 Nb5 14. Nc4 Qe7 15. e3 Bf5 16. Qe2 Rfd8 17.
Rfd1 Be6 18. Nxe5 Nxe5 19. Qxb5 Rab8 20. Rxd8+ Qxd8 21. Nd4 Bc4 22. Qa4 Bd5 23. e4 Nd3 24. exd5 Nxb2 25. Qb4 Nd3 26. Qc3 1-0

[Event "*** Titled Tuesday Blitz"]
[Site "Chess.com"]
[Date "2021.04.20"]
[Round "2"]
[White "FeketeBarika"]
[Black "atwalcb"]
[Result "0-1"]
[WhiteElo "2272"]
[BlackElo "2473"]
[TimeControl "180+1"]
[EndTime "10:15:53 PDT"]
[Termination "atwalcb won by checkmate"]

1. Nf3 g6 2. g3 Bg7 3. Bg2 e5 4. c4 e4 5. Nh4 d5 6. d3 g5 7.
cxd5 gxh4 8. dxe4 h3 9. Bf3 Ne7 10. Nc3 Nd7 11. Bf4 Ng6 12. Be3 Nde5 13. Bd4 O-O 14. O-O f5 15. Qb3 Kh8 16. Rac1 Nxf3+ 17. exf3 Bxd4 18. Nb5 Bb6 19. Rfe1 Ne5 20. Qc3 Qf6 21. f4 Ng4 22. e5 Qg7 23. Re2 h5 24. a4 a6 25. Nd4 h4 26. a5 Ba7 27. Kh1 hxg3 28.
fxg3 Bd7 29. Rcc2 c6 30. d6 Bxd4 31. Qxd4 Be6 32. Rc5 Bd5+ 33. Kg1 Rae8 34. Rxd5 cxd5 35. Qxd5 Rc8 36. Re1 Qd7 37. e6 Qc6 38. Qd4+ Kh7 39.
e7 Qg2# 0-1

[Event "*** Titled Tuesday Blitz"]
[Site "Chess.com"]
[Date "2021.04.20"]
[Round "2"]
[White "FarOut1364"]
[Black "kuba2006"]
[Result "1-0"]
[WhiteElo "2723"]
[BlackElo "2338"]
[TimeControl "180+1"]
[EndTime "10:15:55 PDT"]
[Termination "FarOut1364 won by checkmate"]

1. Nf3 Nf6 2. c4 g6 3. Nc3 d6 4.
d4 Nbd7 5. Bg5 Bg7 6. e3 e5 7. dxe5 dxe5 8. Qc2 c6 9. Rd1 Qc7 10. Nd2 O-O 11. Nde4 Nxe4 12. Nxe4 h6 13. Be7 Re8 14. Bd6 Qa5+ 15. b4 Qd8 16. c5 f5 17. Bc4+ Kh7 18.
Ng3 Qh4 19. Bf7 Qxb4+ 20. Kf1 Nf6 21. Bxe8 Nxe8 22. h4 h5 23. e4 f4 24. Ne2 Bg4 25. f3 Be6 26. Rb1 Qa3 27. Rxb7 Nxd6 28. cxd6 Qxd6 29. Kf2 Rd8 30. Rc1 Qa3 31. Qc3 Qxa2 32.
Ra1 Qc4 33. Raxa7 Rg8 34. Qxe5 Kh6 35. Rxg7 Qxe2+ 36. Kxe2 Bc4+ 37. Kf2 Rxg7 38. Qxg7# 1-0

[Event "*** Titled Tuesday Blitz"]
[Site "Chess.com"]
[Date "2021.04.20"]
[Round "2"]
[White "Artem_Sadovsky"]
[Black "Michaelson_11"]
[Result "1-0"]
[WhiteElo "2629"]
[BlackElo "2218"]
[TimeControl "180+1"]
[EndTime "10:15:56 PDT"]
[Termination "Artem_Sadovsky won on time"]

1. Nf3 Nf6 2. c4 c5 3. b3 g6 4. Bb2 Bg7 5. g3 O-O 6. Bg2 Nc6 7. O-O d6 8. d4 cxd4 9. Nxd4 Qa5 10. e3 Bd7 11. Nc3 Nxd4 12. exd4 Bc6 13. d5 Bd7 14. Re1 Rfe8 15. Ne4 Nxe4 16. Bxg7 Nxf2 17. Qd4 Ng4 18. h3 Ne5 19. Bxe5 dxe5 20. Rxe5 Rac8 21. Kh2 Qb6 22. Qf4 f6 23. Re2 Qd6 24. Qd4 Qc5 25. Qxc5 Rxc5 26. d6 exd6 27. Rxe8+ Bxe8 28. Rd1 Bc6 29. Rxd6 Bxg2 30. Kxg2 Re5 31. Rxf6 Re2+ 32. Rf2 Re3 33. Rc2 1-0

[Event "*** Titled Tuesday Blitz"]
[Site "Chess.com"]
[Date "2021.04.20"]
[Round "2"]
[White "lacafi"]
[Black "Bad_left_hook"]
[Result "0-1"]
[WhiteElo "2214"]
[BlackElo "2628"]
[TimeControl "180+1"]
[EndTime "10:15:56 PDT"]
[Termination "Bad_left_hook won by resignation"]

1. d4 c5 2. e3 cxd4 3. exd4 d5 4. Nf3 Nf6 5. c3 Nc6 6. Nbd2 Bg4 7. Qa4 Nd7 8. Bb5 Qc7 9. O-O a6 10. Bd3 e6 11. Re1 Bd6 12. Ne5 Bxe5 13. dxe5 Nc5 14.
Qxg4 Nxd3 15. Re3 Ndxe5 16. Qxg7 O-O-O 17. Nf3 Rhg8 18. Qxh7 Ng4 19. Re2 Rh8 20. Qc2 Nxh2 21. Re3 Nxf3+ 22. Rxf3 Nd4 0-1

[Event "*** Titled Tuesday Blitz"]
[Site "Chess.com"]
[Date "2021.04.20"]
[Round "2"]
[White "NikolaGry"]
[Black "Majesth"]
[Result "1-0"]
[WhiteElo "2709"]
[BlackElo "2480"]
[TimeControl "180+1"]
[EndTime "10:15:59 PDT"]
[Termination "NikolaGry won by resignation"]

1. b3 e5 2. Bb2 Nc6 3. c4 g6 4. e3 Bg7 5. Nf3 d6 6. d4 exd4 7. Nxd4 Nxd4 8. Bxd4 Bxd4 9. Qxd4 Qf6 10. Qxf6 Nxf6 11. Nc3 Bd7 12. Be2 Bc6 13. Bf3 Bxf3 14. gxf3 a6 15. Ke2 Ke7 16. Rhd1 Rhe8 17. Rac1 Rad8 18.
Nd5+ Nxd5 19. cxd5 Rd7 20. Rd4 Kd8 21. f4 b6 22. Ra4 a5 23. Rac4 Kc8 24. Kf3 Kb7 25. h4 Rde7 26. Rg1 Rd7 27. h5 Rde7 28. hxg6 fxg6 29. Rh1 Rf7 30. Rd4 Ree7 31. Re4 Ka6 32. Rxe7 Rxe7 33. a4 Rf7 34. e4 Re7 35. Re1 b5 36. e5 dxe5 37. fxe5 bxa4 38. bxa4 Kb6 39. Ke4 Kc5 40. Rc1+ Kb4 41. e6 Kxa4 42. Ke5 Kb3 43. Kf6 Re8 44. Rxc7 1-0

[Event "*** Titled Tuesday Blitz"]
[Site "Chess.com"]
[Date "2021.04.20"]
[Round "2"]
[White "yonaltimur"]
[Black "BvsN"]
[Result "0-1"]
[WhiteElo "1755"]
[BlackElo "2365"]
[TimeControl "180+1"]
[EndTime "10:15:59 PDT"]
[Termination "BvsN won on time"]

1. e4 c5 2. Nf3 e6 3. d4 cxd4 4. Nxd4 a6 5. Bd3 Nf6 6. O-O Qc7 7. Qe2 d6 8. c4 g6 9. Nc3 Bg7 10. Be3 O-O 11. Rac1 Nbd7 12. b3 Ne5 13. Bb1 b6 14. f3 Bb7 15. Qf2 Rab8 16. Nde2 Ba8 17. Na4 Nfd7 18. a3 Nc5 19. Nxc5 bxc5 20. Bc2 a5 21. a4 Bc6 22. Rfd1 f5 23. exf5 gxf5 24.
Nf4 Rbe8 25. Nh5 Rf7 26. Kh1 Kh8 27. Nxg7 Rxg7 28. Bf4 Reg8 29. Rg1 Qb7 30. Bxe5 dxe5 31. Bd1 e4 32. fxe4 Bxe4 0-1

[Event "*** Titled Tuesday Blitz"]
[Site "Chess.com"]
[Date "2021.04.20"]
[Round "2"]
[White "MFBerna"]
[Black "fastestmindalive"]
[Result "0-1"]
[WhiteElo "2512"]
[BlackElo "2761"]
[TimeControl "180+1"]
[EndTime "10:16:01 PDT"]
[Termination "fastestmindalive won by resignation"]

1. e4 c5 2. Nf3 Nc6 3. d4 cxd4 4. Nxd4 Nf6 5. Nc3 d6 6. Be2 e5 7. Nb3 Be7 8. O-O Be6 9. f4 exf4 10. Bxf4 Ne5 11.
Nd4 O-O 12. Qd2 a6 13. a4 Re8 14. Kh1 Qa5 15. Rad1 Rac8 16. Qe3 Ng6 17. Bg3 Qb4 18. Nb3 Bxb3 19. cxb3 Qxb3 20. Rd2 h6 21. Rfd1 Ne5 22.
a5 Qb4 23. Qb6 Qxb6 24. axb6 Rc6 25. Rd4 Rxb6 26. R1d2 Rc8 27. h3 Rbc6 28. Kh2 b5 29. Nd5 Nxd5 30. Rxd5 Rc5 31. R5d4 Bg5 32. Rd1 Rc2 33. Bf1 Nf3+ 34. Kh1 Nxd4 35. Rxd4 Rc1 0-1

[Event "*** Titled Tuesday Blitz"]
[Site "Chess.com"]
[Date "2021.04.20"]
[Round "2"]
[White "vugarrasulov"]
[Black "juancruzarias"]
[Result "1-0"]
[WhiteElo "2840"]
[BlackElo "2561"]
[TimeControl "180+1"]
[EndTime "10:16:05 PDT"]
[Termination "vugarrasulov won by resignation"]

1. e4 e6 2. d4 d5 3. Nd2 Be7 4. g3 Nf6 5. e5 Nfd7 6. f4 c5 7. c3 Nc6 8. Ndf3 Qa5 9. Kf2 f6 10. Kg2 f5 11. Bd3 b6 12. Ne2 Ba6 13. h3 Bxd3 14. Qxd3 cxd4 15. Nexd4 Nxd4 16. Nxd4 Nc5 17. Qe2 Qa4 18. Be3 Qd7 19. a4 O-O 20. Qb5 Kf7 21.
Qxd7 Nxd7 22. a5 Nc5 23. Kf3 Ne4 24. Nc6 Bc5 25. g4 Rfc8 26. Nd4 Bxd4 27. Bxd4 b5 28. gxf5 exf5 29. Ke3 a6 30. e6+ Kxe6 31. Bxg7 Rg8 32. Rhg1 Rac8 33. Be5 Rg6 34. Rxg6+ hxg6 35. Rg1 Kf7 36.
h4 Nf6 37. Kd3 Rc4 38. b3 Ra4 39. bxa4 1-0

[Event "*** Titled Tuesday Blitz"]
[Site "Chess.com"]
[Date "2021.04.20"]
[Round "2"]
[White "Fighter008"]
[Black "campomania3"]
[Result "1-0"]
[WhiteElo "2626"]
[BlackElo "2201"]
[TimeControl "180+1"]
[EndTime "10:16:05 PDT"]
[Termination "Fighter008 won on time"]

1. e4 c6 2. Nc3 d5 3. Nf3 Bg4 4. h3 Bxf3 5. Qxf3 e6 6. d3 Nd7 7.
Bd2 Bc5 8. O-O-O Ne7 9. g4 b5 10. g5 a5 11. Kb1 a4 12. Ne2 Qb6 13. Bg2 b4 14. d4 Bd6 15. e5 Bc7 16. Bc1 c5 17.
dxc5 Nxc5 18. Qe3 Nf5 19. Qf4 b3 20. cxb3 axb3 21. a3 Ra4 22. Nd4 Nd7 23. Be3 Nxe3 24.
fxe3 Bxe5 25. Qf2 Bxd4 26. exd4 Rc4 27. h4 Rc2 28. Rd2 Qc6 29. Rxc2 bxc2+ 30. Qxc2 Qb6 31. h5 O-O 32. g6 h6 33. Rd1 Nf6 34. gxf7+ Rxf7 35. Qg6 Rc7 36. Bh3 Rc6 37. Rg1 1-0

[Event "*** Titled Tuesday Blitz"]
[Site "Chess.com"]
[Date "2021.04.20"]
[Round "2"]
[White "gmcorrales"]
[Black "Hangar-18"]
[Result "1-0"]
[WhiteElo "2813"]
[BlackElo "2347"]
[TimeControl "180+1"]
[EndTime "10:16:05 PDT"]
[Termination "gmcorrales won by resignation"]

1. e4 c6 2. d4 d5 3. e5 c5 4. dxc5 e6 5. Nf3 Bxc5 6. a3 Nd7 7. Bd3 Qc7 8. b4 Be7 9. Bb2 f6 10. exf6 Ngxf6 11. O-O O-O 12. Re1 Nb6 13. Nbd2 a5 14.
b5 a4 15. Ng5 Bd6 16. h3 e5 17. c4 e4 18. Bf1 h6 19. Bxf6 Rxf6 20. Ngxe4 dxe4 21. Nxe4 Re6 22. c5 Bh2+ 23. Kh1 Qe7 24. cxb6 Rxe4 25. Rxe4 Qxe4 26. Qd8+ Kf7 27. Kxh2 Qe5+ 28. Kg1 Qxa1 29. h4 Be6 30. Qxa8 Bc4 31. Qxb7+ Kf6 32. Qc6+ Be6 33. b7 Qe5 34. b6 1-0

[Event "*** Titled Tuesday Blitz"]
[Site "Chess.com"]
[Date "2021.04.20"]
[Round "2"]
[White "Sashadav97"]
[Black "Genghis_K"]
[Result "1-0"]
[WhiteElo "2614"]
[BlackElo "2929"]
[TimeControl "180+1"]
[EndTime "10:16:06 PDT"]
[Termination "Sashadav97 won by resignation"]

1. d4 Nf6 2. c4 g6 3. Nc3 Bg7 4. e4 d6 5. Be2 O-O 6. Be3 c6 7. Nf3 e5 8. d5 Ng4 9. Bg5 f6 10.
Bh4 c5 11. Nd2 Nh6 12. g4 Nf7 13. f3 Bh6 14. Bf2 Na6 15. h4 Bf4 16. a3 Bd7 17. Qc2 Nc7 18. O-O-O a6 19. Bd3 b5 20. Ne2 Rb8 21.
Nxf4 exf4 22. g5 Ne5 23. h5 fxg5 24. hxg6 hxg6 25. Rh6 Qf6 26. Rdh1 g4 27. fxg4 Nxg4 28. e5 Nxe5 29. Bxg6 Bf5 30. Bxf5 Qxf5 31. Rg1+ Ng4 32. Rg6+ Kh7 33. R6xg4 Qxc2+ 34. Kxc2 1-0

[Event "*** Titled Tuesday Blitz"]
[Site "Chess.com"]
[Date "2021.04.20"]
[Round "2"]
[White "McCarthyStone"]
[Black "gagtemp"]
[Result "1-0"]
[WhiteElo "2373"]
[BlackElo "1968"]
[TimeControl "180+1"]
[EndTime "10:16:06 PDT"]
[Termination "McCarthyStone won by resignation"]

1. Nf3 d5 2. c4 dxc4 3. g3 g6 4. Bg2 Bg7 5. Qa4+ c6 6. Qxc4 Nf6 7. O-O Be6 8. Qc2 Qb6 9. Nc3 O-O 10. d3 Na6 11.
Be3 Qa5 12. a3 Rfd8 13. Ng5 Bf5 14. b4 Qc7 15. Qb3 e6 16. Rac1 h6 17. Nf3 Ng4 18. Bf4 Qe7 19. h3 Nf6 20. e4 Rxd3 21. exf5 exf5 22.
Qc4 Rad8 23. Ne5 R3d4 24. Nxc6 bxc6 25. Qxa6 Nh5 26. Be3 Rd3 27. Bc5 Qg5 28. Qxa7 Bxc3 29. Be7 R8d7 30. Qxd7 1-0

[Event "*** Titled Tuesday Blitz"]
[Site "Chess.com"]
[Date "2021.04.20"]
[Round "2"]
[White "politeplayer"]
[Black "Kretov_Evgenij"]
[Result "0-1"]
[WhiteElo "2231"]
[BlackElo "2636"]
[TimeControl "180+1"]
[EndTime "10:16:07 PDT"]
[Termination "Kretov_Evgenij won by resignation"]

1. e4 c5 2. d4 cxd4 3. c3 dxc3 4. Nxc3 Nc6 5. Nf3 e6 6. Bc4 a6 7. O-O b5 8. Bb3 Nge7 9. Bg5 f6 10. Be3 Ng6 11.
Nd5 exd5 12. exd5 Nce5 13. d6 Bb7 14. Nxe5 fxe5 15. f4 Qh4 16. f5 Qe4 17. Qd2 Nh4 18. f6 gxf6 19. Rxf6 Qxg2+ 20. Qxg2 Bxg2 21. Bf7+ Kd8 22.
Bg5 Bc6 23. Re6+ Kc8 24. Re8+ Kb7 25. Bxh4 Bxd6 26. Rxa8 Rxa8 27. Rd1 Bc5+ 0-1

[Event "*** Titled Tuesday Blitz"]
[Site "Chess.com"]
[Date "2021.04.20"]
[Round "2"]
[White "AwareIdea"]
[Black "HanSchut"]
[Result "0-1"]
[WhiteElo "2447"]
[BlackElo "2276"]
[TimeControl "180+1"]
[EndTime "10:16:08 PDT"]
[Termination "HanSchut won by checkmate"]

1. d4 Nf6 2. c4 g6 3. Nc3 d5 4. Bg5 Bg7 5. Bxf6 Bxf6 6. cxd5 c5 7. dxc5 Nd7 8. e3 Nxc5 9. Bc4 Qb6 10. Qd2 Qb4 11.
Bb5+ Bd7 12. Bxd7+ Nxd7 13. Nge2 Ne5 14. b3 Rc8 15. Rc1 O-O 16. O-O Qh4 17. Ng3 Ng4 18. h3 Nxf2 19. Kxf2 Rxc3 20. Rxc3 Be5 21. e4 f5 22.
exf5 Rxf5+ 23. Kg1 Bxg3 24. Rxf5 gxf5 25. Rf3 f4 26. d6 exd6 27. Qxd6 Qg5 28. Qb8+ Kg7 29. Qxb7+ Kh6 30. Qa6+ Kh5 31. Qe2 Qc5+ 32. Kh1 Kg6 33. Rf1 h5 34. Qd3+ Kg7 35. Qd7+ Kg6 36. Qe8+ Kh6 37. Rd1 f3 38. Qd7 fxg2+ 39. Kxg2 Qf2+ 40.
Kh1 Qh2# 0-1

[Event "*** Titled Tuesday Blitz"]
[Site "Chess.com"]
[Date "2021.04.20"]
[Round "2"]
[White "WinstonSilvakov"]
[Black "Sjakkerntobi"]
[Result "0-1"]
[WhiteElo "2093"]
[BlackElo "2394"]
[TimeControl "180+1"]
[EndTime "10:16:08 PDT"]
[Termination "Sjakkerntobi won by resignation"]

1. e4 e6 2. d4 d5 3. Nc3 h6 4.
Nf3 Nf6 5. e5 Ne4 6. Bd3 Bb4 7.
Bd2 Nxd2 8. Qxd2 c5 9. a3 Bxc3 10. bxc3 Nc6 11. O-O Qa5 12. Rfb1 cxd4 13. Bb5 Qxc3 14.
Qd1 O-O 15. Bxc6 bxc6 16. Nxd4 c5 17. Nc6 Bd7 18. Rb3 Qc4 19. Na5 Qe4 20. Nb7 Qxe5 21. Nxc5 Bc6 22. Re3 Qd6 23. Qd4 Rfe8 24. Rg3 e5 25.
Qg4 g6 26. Nd3 Kh7 27. Qh4 Qe7 28. Qg4 Bd7 29. Qf3 e4 0-1

[Event "*** Titled Tuesday Blitz"]
[Site "Chess.com"]
[Date "2021.04.20"]
[Round "2"]
[White "blitzking1729"]
[Black "TimKett"]
[Result "1-0"]
[WhiteElo "2641"]
[BlackElo "2247"]
[TimeControl "180+1"]
[EndTime "10:16:09 PDT"]
[Termination "blitzking1729 won by checkmate"]

1. c4 f5 2. Nc3 Nf6 3. d4 e6 4. g3 Bb4 5. Bg2 O-O 6. Nh3 d6 7. O-O Bxc3 8. bxc3 Nbd7 9. Nf4 Qe7 10. d5 Nc5 11. dxe6 Bxe6 12. Qd4 Kh8 13. Be3 Bg8 14.
Rab1 c6 15. Rfd1 Rad8 16. Nd3 Ng4 17. Nxc5 dxc5 18. Qxc5 Qe6 19. Bd4 Qxc4 20. Qxc4 Bxc4 21. Rxb7 Nf6 22. Bxc6 Bxe2 23. Re1 Bc4 24. Ree7 Rg8 25. Bxf6 Rd1+ 26. Kg2 Bf1+ 27. Kf3 Rd3+ 28. Kf4 Rc8 29. Rxg7 Rd6 30. Rxh7+ Kg8 31. Rh8# 1-0

[Event "*** Titled Tuesday Blitz"]
[Site "Chess.com"]
[Date "2021.04.20"]
[Round "2"]
[White "sara_khm"]
[Black "Vanina1989"]
[Result "0-1"]
[WhiteElo "2525"]
[BlackElo "2787"]
[TimeControl "180+1"]
[EndTime "10:16:10 PDT"]
[Termination "Vanina1989 won by resignation"]

1. d4 d5 2. c4 c6 3. Nf3 Nf6 4. e3 Bg4 5. h3 Bh5 6. g4 Bg6 7. Ne5 e6 8. Qb3 Bxb1 9. Rxb1 Nbd7 10. Qxb7 Rb8 11. Qxc6 Bb4+ 12. Bd2 Bxd2+ 13. Kxd2 O-O 14. Nxd7 Nxd7 15. cxd5 Qa5+ 16. Qc3 Qxd5 17. Bd3 Rfc8 18. Qa3 e5 19. Rhc1 exd4 20. Rxc8+ Rxc8 21. Rc1 dxe3+ 22. fxe3 Qg2+ 23. Be2 Rxc1 24. Kxc1 Qxe2 25. Qxa7 Qc4+ 26.
Kd2 Qd5+ 27. Kc1 h6 28. a4 Nc5 29. a5 Nb3+ 0-1

[Event "*** Titled Tuesday Blitz"]
[Site "Chess.com"]
[Date "2021.04.20"]
[Round "2"]
[White "dodorox"]
[Black "volkanyirik"]
[Result "0-1"]
[WhiteElo "2110"]
[BlackElo "2404"]
[TimeControl "180+1"]
[EndTime "10:16:10 PDT"]
[Termination "volkanyirik won on time"]

1. d4 Nf6 2. c4 c5 3. d5 b5 4. cxb5 a6 5. bxa6 Bxa6 6. Nc3 d6 7. g3 g6 8. Bg2 Bg7 9. Nf3 O-O 10. Rb1 Nbd7 11. b3 Qa5 12. Bd2 Rfb8 13. O-O Qc7 14. h3 Bb7 15. e4 Ba6 16. Re1 Ne8 17. Qc2 Qb7 18. a4 Nc7 19. Na2 Qa7 20. b4 cxb4 21. Nxb4 Nc5 22. Nc6 Bd3 23. Qxd3 Nxd3 24.
Rxb8+ Qxb8 25. Nxb8 Nxe1 26. Nxe1 Rxb8 27. Bf1 Rb2 28. Be3 Rb4 29. a5 Rxe4 30. Bb6 Na8 31. Nd3 Ra4 32. Nb2 Nxb6 33. axb6 Bxb2 0-1

[Event "*** Titled Tuesday Blitz"]
[Site "Chess.com"]
[Date "2021.04.20"]
[Round "2"]
[White "BigAl"]
[Black "eljanov"]
[Result "0-1"]
[WhiteElo "2580"]
[BlackElo "2879"]
[TimeControl "180+1"]
[EndTime "10:16:12 PDT"]
[Termination "eljanov won by resignation"]

1. e4 c6 2. d3 d5 3. Nd2 e5 4.
g3 Nf6 5. Bg2 Bd6 6. Ngf3 O-O 7.
O-O Re8 8. c3 a5 9. a4 h6 10. h3 Be6 11. Nh4 Nbd7 12. Qf3 g6 13. Rd1 Qc7 14. Nf1 Bf8 15. Ne3 Rad8 16. Bd2 Bg7 17.
Nhf5 dxe4 18. dxe4 gxf5 19. Nxf5 Bxf5 20. Qxf5 Nc5 21.
Bxh6 Qc8 22. Qg5 Ne6 23. Qh4 Rxd1+ 24. Rxd1 Rd8 25. Re1 Rd6 26. Bf1 Qd8 27. Bc4 Rd1 28. Rxd1 Qxd1+ 29. Kg2 Qh5 30. Qxh5 Nxh5 31. Be3 Nf6 32.
f3 Nd7 33. h4 Bf8 34. Kh3 Nec5 35. b3 Nb6 36. Bxc5 Bxc5 37. Kg4 Nxc4 38. bxc4 b5 39. cxb5 cxb5 40. axb5 a4 0-1

[Event "*** Titled Tuesday Blitz"]
[Site "Chess.com"]
[Date "2021.04.20"]
[Round "2"]
[White "KubaGepard"]
[Black "MerryPoppies"]
[Result "1-0"]
[WhiteElo "2410"]
[BlackElo "2124"]
[TimeControl "180+1"]
[EndTime "10:16:12 PDT"]
[Termination "KubaGepard won by checkmate"]

1. d4 d5 2. Nf3 Nf6 3. Bf4 c6 4. c4 e6 5. e3 Bd6 6. Bg3 Bb4+ 7. Nbd2 Ne4 8. a3 Bxd2+ 9. Nxd2 Nxg3 10. hxg3 Nd7 11. Bd3 Nf6 12. g4 dxc4 13. Nxc4 Qd5 14. f3 c5 15. dxc5 Qxc5 16. Kf2 b5 17. Na5 Nd5 18. Qc1 Qb6 19. Qc6+ Qxc6 20. Nxc6 a6 21. a4 bxa4 22. Rxa4 Bd7 23. Rc4 O-O 24. Bxh7+ Kh8 25. Be4+ Kg8 26. Bxd5 exd5 27. Ne7# 1-0

[Event "*** Titled Tuesday Blitz"]
[Site "Chess.com"]
[Date "2021.04.20"]
[Round "2"]
[White "JoliyRoger"]
[Black "chessmadara"]
[Result "1-0"]
[WhiteElo "2418"]
[BlackElo "2175"]
[TimeControl "180+1"]
[EndTime "10:16:15 PDT"]
[Termination "JoliyRoger won by resignation"]

1. d4 Nf6 2. c4 g6 3. Nc3 d5 4. Nf3 Bg7 5. Bg5 Ne4 6. cxd5 Nxg5 7. Nxg5 e6 8. Nf3 exd5 9. b4 O-O 10. Qb3 c6 11. e3 Nd7 12. Be2 Re8 13. O-O Nf8 14. b5 Bg4 15. bxc6 bxc6 16. Rac1 Rb8 17. Qc2 c5 18.
dxc5 Ne6 19. Rfd1 Nxc5 20. Nxd5 Ne6 21. Qa4 Bxf3 22. Bxf3 Qg5 23. h4 Qe5 24. g3 Qb2 25. Rc2 Qe5 26. Qxa7 Rb2 27. Qa4 Rxc2 28. Qxc2 Rb8 29.
Rb1 Ra8 1-0

[Event "*** Titled Tuesday Blitz"]
[Site "Chess.com"]
[Date "2021.04.20"]
[Round "2"]
[White "Sergey85Rodchenkov"]
[Black "GregShahade"]
[Result "1-0"]
[WhiteElo "2508"]
[BlackElo "2702"]
[TimeControl "180+1"]
[EndTime "10:16:16 PDT"]
[Termination "Sergey85Rodchenkov won by checkmate"]

1. e4 e5 2. Nf3 Nc6 3. Bc4 Nf6 4.
d3 Bc5 5. O-O a6 6. Re1 d6 7. c3 Ba7 8. Bb3 O-O 9. Bg5 h6 10. Bh4 Be6 11. Nbd2 g5 12. Bg3 Nh7 13. Nf1 h5 14. h4 g4 15. N3d2 Ne7 16. Ne3 Ng6 17.
Nf5 Bxf5 18. exf5 Nxh4 19. Bxh4 Qxh4 20. Ne4 g3 21. d4 Qh2+ 22. Kf1 Qh1+ 23. Ke2 Qxg2 24.
Kd3 gxf2 25. Qxh5 fxe1=Q 26. Rxe1 Qg7 27. f6 Qg6 28. Qxg6+ Kh8 29. Qg7# 1-0

[Event "*** Titled Tuesday Blitz"]
[Site "Chess.com"]
[Date "2021.04.20"]
[Round "2"]
[White "AlphaHero0"]
[Black "Sanyura"]
[Result "0-1"]
[WhiteElo "2094"]
[BlackElo "2617"]
[TimeControl "180+1"]
[EndTime "10:16:16 PDT"]
[Termination "Sanyura won by resignation"]

1. e4 c5 2. Nf3 e6 3. b4 cxb4 4. d4 d5 5. e5 Nc6 6. a3 bxa3 7. c3 Nge7 8. Bxa3 Ng6 9. Bxf8 Kxf8 10. h4 Bd7 11. h5 Nge7 12. h6 gxh6 13. Qd2 Ng8 14.
Na3 a6 15. c4 Qa5 16. cxd5 exd5 17. Nc2 Qxd2+ 18. Kxd2 Nge7 19. Rxh6 Bg4 20. Rh4 h5 21.
Be2 Nf5 22. Rh2 Bxf3 23. Bxf3 Ncxd4 24. Nxd4 Nxd4 25. Rxh5 Nxf3+ 0-1

[Event "*** Titled Tuesday Blitz"]
[Site "Chess.com"]
[Date "2021.04.20"]
[Round "2"]
[White "GMaka"]
[Black "fyall777"]
[Result "0-1"]
[WhiteElo "2482"]
[BlackElo "2326"]
[TimeControl "180+1"]
[EndTime "10:16:18 PDT"]
[Termination "fyall777 won by resignation"]

1. d4 e6 2. c4 d5 3. Nc3 Nf6 4. cxd5 exd5 5. Bg5 Be7 6. e3 O-O 7. Bd3 c6 8. Qc2 h6 9. Bf4 Bd6 10. Bg3 Bxg3 11. hxg3 Re8 12. Nge2 Bg4 13. O-O Bxe2 14. Bxe2 Nbd7 15. Bd3 g6 16. Rae1 Kg7 17. f3 h5 18.
e4 dxe4 19. fxe4 Ng4 20. Bc4 Ndf6 21. Qd2 b5 22. Bxf7 Kxf7 23. e5 Nxe5 24. Rxf6+ Kxf6 25. Qf4+ Kg7 26. dxe5 Rf8 27. Qe4 Qg5 28. Kh2 Rae8 29. Qxc6 h4 30. Qd7+ Re7 31. Qd4 Qxg3+ 0-1